 Dungeon Crawl Stone Soup version 0.22-b1-21-g5cfc168 (webtiles) character file.

20 letownia2 the Insei (level 2, 0/21 HPs)
             Began as a Demonspawn Transmuter on Aug 3, 2018.
             Slain by a bat (1 damage)
             ... on level 3 of the Dungeon.
             The game lasted 00:02:15 (390 turns).

letownia2 the Insei (Demonspawn Transmuter)          Turns: 390, Time: 00:02:16

Health: 0/21       AC:  6    Str: 10    XL:     2   Next: 58%
Magic:  1/5        EV: 10    Int: 14    God:
Gold:   13         SH:  0    Dex: 13    Spells: 2/5 levels left

rFire    + . .     SeeInvis .     - Unarmed
rCold    + . .     Gourm    .   (no shield)
rNeg     . . .     Faith    .   l - +1 ring mail {rPois}
rPois    +         Spirit   .   (no helmet)
rElec    .         Reflect  .   (no cloak)
rCorr    .         Harm     .   (no gloves)
MR       .....                  (no boots)
Stlth    +.........             (no amulet)
HPRegen  0.47/turn              (no ring)
MPRegen  0.09/turn              (no ring)

@: very slightly contaminated
A: cold resistance 1, fire resistance 1, regeneration 1
a: no special abilities


You were on level 3 of the Dungeon.
You were not hungry.

You visited 1 branch of the dungeon, and saw 3 of its levels.

You collected 13 gold pieces.

Inventory:

Missiles
 a - 35 arrows
 h - 17 poisoned needles
Armour
 b - a +0 robe
 i - +0 gold dragon scales
 k - a +0 ring mail
 l - a +1 ring mail of poison resistance (worn)
Scrolls
 f - a scroll of blinking {unknown}
 m - a scroll of immolation {unknown}
 n - a scroll of teleportation {unknown}
Potions
 c - a potion of degeneration {unknown}
 g - a potion of lignification {unknown}
 j - a potion of magic {unknown}
Comestibles
 d - 2 rations


   Skills:
 - Level 1.0 Fighting
 - Level 1.7 Dodging
 + Level 3.6 Unarmed Combat
 - Level 2.0 Spellcasting
 - Level 1.7 Transmutations


You had 2 spell levels left.
You knew the following spells:

 Your Spells              Type           Power        Failure   Level  Hunger
a - Beastly Appendage     Tmut           #.....       30%         1    ##.....
l - Sticks to Snakes      Tmut           #.......     41%         2    ###....

Your spell library contained the following spells:

 Spells                   Type           Power        Failure   Level  Hunger
 Spider Form              Tmut/Pois      #.........   78%         3    ####...
 Blade Hands              Tmut           #.........   100%        5    ######.
 Ice Form                 Ice/Tmut       #.......     99%         4    #####..


Dungeon Overview and Level Annotations

Branches:
Dungeon (3/15)

Altars:


Innate Abilities, Weirdness & Mutations

Your flesh is cold resistant. (rC+)
Your flesh is heat resistant. (rF+)
Your natural rate of healing is unusually fast.


Message History

Casting: Sticks to Snakes (safe; 41% risk of failure)
Confirm with . or Enter, or press ? or * to list all spells.
You miscast Sticks to Snakes.
Nothing appears to happen.
The orc hits you but does no damage.
Unknown command.
You closely miss the orc.
The orc is heavily wounded.
You completely miss the orc.
The orc is heavily wounded.
The orc hits you with a whip.
* * * LOW HITPOINT WARNING * * *
Unknown command.
You hit the orc.
You kill the orc!
The bat hits you but does no damage.
Unknown command.
It was a potion of mutation.
You feel extremely strange.
You feel resistant to heat.
You begin to heal more quickly.
The bat hits you.
You die...

#############
#........##.#
.....?.....)#
#........##.######
#..........hhb@..#
#b.......##o####.#
............>....#
#........##.#.####
#.#####.....#.#
#.#<....#
#.####### ... ##.#


You could see an orc wizard, 2 jackals and a bat.

Vanquished Creatures
  A leopard gecko (D:1)
  2 orcs (D:3)
  A goblin (D:1)
  A hobgoblin (D:1)
  2 jackals (D:3)
  4 bats (D:1)
  2 frilled lizards (D:1)
  4 kobolds (D:1)
17 creatures vanquished.

Notes
Turn   | Place    | Note
-------+----------+-------------------------------------------
     0 | D:1      | letownia2 the Demonspawn Transmuter began the quest for the Orb.
     0 | D:1      | Reached XP level 1. HP: 15/15 MP: 3/3
    67 | D:1      | Reached skill level 3 in Unarmed Combat
   156 | D:1      | Gained mutation: Your flesh is cold resistant. (rC+) [demonic ancestry]
   156 | D:1      | Reached XP level 2. HP: 8/21 MP: 3/5
   354 | D:3      | Learned a level 2 spell: Sticks to Snakes
   388 | D:3      | HP: 1/21 [orc/whip (3)]
   390 | D:3      | Gained mutation: Your flesh is heat resistant. (rF+) [potion of mutation]
   390 | D:3      | Gained mutation: Your natural rate of healing is unusually fast. [potion of mutation]
   390 | D:3      | Slain by a bat

Skill      XL: |  1 |
---------------+----+-----
Unarmed Combat | 3 |  3.6
Fighting       | |  1.0
Dodging        | |  1.7
Spellcasting   | |  2.0
Transmutations | |  1.7

Action                   || total
-------------------------++-------
Melee: Unarmed           ||    73
       Headbutt          ||     5
       Kick              ||     2
 Cast: Beastly Appendage ||     9
       Sticks to Snakes  ||     1
  Use: Potion            ||     1
Armor: Robe              ||    19
       Ring mail         ||    12
Dodge: Dodged            ||    52
